 Dungeon Crawl Stone Soup version 0.28.0-53-g5a82cb258f (webtiles) character file.

Game seed: 6571546958992725152

281 ospish the Digger (level 6, -7/37 HPs)
             Began as a Gargoyle Earth Elementalist on July 28, 2022.
             Mangled by an orc priest
             ... wielding a +0 trident
              (8 damage)
             ... while paralysed by Grinder
             ... on level 4 of the Dungeon.
             The game lasted 00:08:19 (3942 turns).

ospish the Digger (Gargoyle Earth Elementalist)     Turns: 3942, Time: 00:08:19

Health: -7/37      AC: 10    Str: 13    XL:     6   Next: 27%
Magic:  7/11       EV:  2    Int: 16    God:
Gold:   123        SH:  0    Dex: 10    Spells: 10/11 levels left

rFire   . . .      SeeInvis .   k - +0 dagger (venom)
rCold   . . .      Faith    .   (no shield)
rNeg    + . .      Spirit   .   e - +0 ring mail
rPois   ∞          Reflect  .   (no helmet)
rElec   +          Harm     .   (no cloak)
rCorr   .          Rampage  .   (no gloves)
Will    .....                   (no boots)
Stlth   +.........              (no amulet)
HPRegen 0.12/turn               (no ring)
MPRegen 0.12/turn               (no ring)

@: paralysed, brilliant
A: sickness immunity, AC +4, negative energy resistance 1, electricity
resistance, torment resistance 1, petrification resistance
a: no special abilities


You were on level 4 of the Dungeon.
You visited 1 branch of the dungeon, and saw 4 of its levels.

You collected 123 gold pieces.

Inventory:

Hand Weapons
 a - a +0 dagger
 k - a +0 dagger of venom (weapon)
Missiles
 c - 42 stones
Armour
 e - a +0 ring mail (worn)
Jewellery
 l - a ring of protection from fire
Scrolls
 f - a scroll of enchant weapon {unknown}
 h - a scroll of fog {unknown}
 i - a scroll of identify {unknown}
 j - a scroll of holy word
 m - a scroll of amnesia {unknown}
 n - a scroll of blinking {unknown}
Potions
 g - a potion of magic {unknown}


   Skills:
 + Level 3.1 Fighting
 + Level 2.8 Armour
 - Level 1.5 Dodging
 - Level 2.2 Stealth
 + Level 3.3 Spellcasting
 - Level 0.7 Transmutations
 + Level 5.2 Earth Magic


You had 10 spell levels left.
You knew the following spells:

 Your Spells              Type           Power      Damage    Failure   Level
a - Sandblast             Erth           58%        2d13      4%          1

Your spell library contained the following spells:

 Spells                   Type           Power      Damage    Failure   Level
 Passwall                 Tmut/Erth      15%        N/A       16%         2
 Stone Arrow              Conj/Erth      32%        3d9       36%         3
 Petrify                  Tmut/Erth      18%        N/A       71%         4


Dungeon Overview and Level Annotations

Branches:
Dungeon (4/15)
 Temple: D:4-7

Altars:
Elyvilon
Wu Jian
Zin
The Shining One

Annotations:
D:4 Grinder


Innate Abilities, Weirdness & Mutations

You are immune to sickness and miasma.
Your stone body is resilient. (AC +4)
You are immune to poison.
You resist negative energy. (rN+)
You are resistant to electric shocks. (rElec)
You are resistant to unholy torment.
You are immune to petrification.


Message History

Confirm with . or Enter, or press ? or * to list all spells.
Aiming: Sandblast (safe; 1% risk of failure)
Press: ? - help, Shift-Dir - straight line, f/p - Grinder
Aim: Grinder (severely wounded, poisoned, 78% to hit)
You feel a surge of power!
The blast of sand hits Grinder but does no damage.
Grinder is severely wounded.
The orc hits you but does no damage. Grinder hits you.
* * * LOW HITPOINT WARNING * * *
You writhe in agony.
* * * LOW HITPOINT WARNING * * *
The orc hits you but does no damage.
Casting: Sandblast (safe; 1% risk of failure)
Confirm with . or Enter, or press ? or * to list all spells.
Aiming: Sandblast (safe; 1% risk of failure)
Press: ? - help, Shift-Dir - straight line, f/p - Grinder
Aim: Grinder (almost dead, poisoned, 78% to hit)
You feel a surge of power!
The blast of sand misses Grinder.
The orc hits you but does no damage.
Grinder says, "I used to sell toenails on the black market."
Grinder blinks!
The orc hits you but does no damage.
Casting: Sandblast (safe; 1% risk of failure)
Confirm with . or Enter, or press ? or * to list all spells.
Aiming: Sandblast (safe; 1% risk of failure)
Press: ? - help, Shift-Dir - straight line, f - orc, p - Grinder
Aim: an orc, wielding a +0 falchion and wearing a +0 leather armour (81% to hit)
You feel a surge of power!
The blast of sand hits the orc!
You kill the orc!
You feel less wooden.
Your +0 ring mail unmelds from your body.
The orc hits you but does no damage. Grinder gestures at you.
You suddenly lose the ability to move!
An orc priest comes into view. It is wielding a +0 trident.
The orc hits you but does no damage. Grinder gestures at you.
You shrug off the repeated paralysis!
Grinder looks more healthy.
The orc hits you but does no damage.
The orc priest hits you from afar with a +0 trident!
You die...

#..##.## #..###.## #.##
##h### ##.# ##h.##
####..########)#
.......##.....###
...........§§§o.##
####.#.....§≈.§.)#
#..#.....§§.§o@##
#.#..≈≈.........#
#.#..≈≈...).##..#
#........_..##..#
###............)### #######
#...##........#.###.....##
###..##..♣♣...#....<......#
#.#......♣♣...#.#.#######...
##..#............### .


You could see an orc priest and an orc.

Vanquished Creatures
  A scorpion (D:4)
  3 orc wizards
  6 adders
  A worm (D:2)
  2 dart slugs
  13 orcs
  5 bats
  5 endoplasms
  3 giant cockroaches
  4 goblins
  5 hobgoblins
  5 jackals
  2 quokkas
  5 ball pythons (D:1)
  5 frilled lizards
  5 kobolds
  6 rats
76 creatures vanquished.

Notes
Turn   | Place    | Note
-------+----------+-------------------------------------------
     0 | D:1      | ospish the Gargoyle Earth Elementalist began the quest for
                  | the Orb.
     0 | D:1      | Reached XP level 1. HP: 10/10 MP: 3/3
   549 | D:1      | Reached XP level 2. HP: 16/16 MP: 3/5
   757 | D:1      | Found a faded altar of an unknown god.
   782 | D:1      | Reached skill level 1 in Fighting
   782 | D:1      | Reached skill level 1 in Armour
  1493 | D:1      | Reached skill level 4 in Earth Magic
  1539 | D:2      | Reached XP level 3. HP: 20/20 MP: 6/6
  2415 | D:3      | Reached XP level 4. HP: 25/26 MP: 7/7
  3139 | D:3      | Reached XP level 5. HP: 22/31 MP: 4/9
  3514 | D:3      | Found a glowing golden altar of the Shining One.
  3514 | D:3      | Found a white marble altar of Elyvilon.
  3515 | D:3      | Found a glowing silver altar of Zin.
  3539 | D:4      | Found an ornate altar of the Wu Jian Council.
  3571 | D:4      | Reached skill level 5 in Earth Magic
  3846 | D:4      | Noticed Grinder
  3848 | D:4      | Paralysed by Grinder for 5 turns
  3866 | D:4      | Reached XP level 6. HP: 24/36 MP: 7/10
  3866 | D:4      | Paralysed by Grinder for 2 turns
  3926 | D:4      | Paralysed by Grinder for 6 turns
  3935 | D:4      | Paralysed by Grinder for 2 turns
  3938 | D:4      | HP: 2/55 [Grinder (1)]
  3940 | D:4      | Paralysed by Grinder for 5 turns
  3942 | D:4      | Mangled by an orc priest

Illustrated notes

Levels and vault maps discovered:
D:1:      dpeg_arrival_boxorama, layout_loops_corners,
          nicolae_ecumenical_snake_handling, serial_bayou_lagoon_a,
          kennysheep_crisscross
D:2:      layout_basic, minivault_23, minmay_vboxes
D:3:      minmay_wonky_spiral, layout_basic, good_gods_temple_1
D:4:      layout_layer_cave, nicolae_wu_jian_wuxing_cycle, serial_rivers,
          chequers_serial_rivers_room_b, chequers_serial_rivers_micro_a,
          chequers_serial_rivers_small_3, chequers_serial_rivers_small_3,
          uniq_grinder, uniq_sigmund

Skill      XL: |  1  2  3  4  5  6 |
---------------+-------------------+-----
Fighting       | 1 2 3 |  3.1
Armour         | 1 2 |  2.8
Earth Magic    | 4 5 |  5.2
Spellcasting   | 3 |  3.3
Dodging        | |  1.5
Stealth        | |  2.2
Transmutations | |  0.7

Action                   |  1- 3 |  4- 6 || total
-------------------------+-------+-------++-------
Melee: Unarmed           |    23 |       ||    23
       Dagger            |   111 |   144 ||   255
       Punch             |     2 |     6 ||     8
 Cast: Sandblast         |    26 |    26 ||    52
  Use: Scroll            |       |     1 ||     1
       Potion            |       |     2 ||     2
 Stab: Sleeping          |     2 |       ||     2
Armor: Robe              |    27 |       ||    27
       Ring mail         |    63 |    78 ||   141
       Skin              |       |    23 ||    23
Dodge: Dodged            |   110 |    64 ||   174
